Map: Prüfung von Aiur LE

Players

Panda

  • Race: Zerg Zerg
  • League: Diamond
  • Spawn Location: 11:00

BlackBoozom - Winner!

  • Race: Zerg Zerg
  • League: Diamond
  • Spawn Location: 5:00

VOD

Have the link to the VOD?

Description

Time

  • Played on: Sept. 9, 2017, 4:02 p.m.
  • Length: 3:31
Show
View Real Time Build Order
Export as new Build Order

Panda Zerg 

Build Orders: Pool Only 

Get SALT Encoding   

  12  0:01  Drone  
  13  0:15  Extractor  
  14  0:27  Spawning Pool  
  11  0:28  Drone  
  11  0:33  Drone  
  13  0:41  Drone  
  14  0:51  Overlord  
  14  1:15  Zergling x4  
  14  1:16  Queen  
  18  1:21  Metabolic Boost  
  18  1:26  Zergling x2  
  19  1:35  Zergling x2  
  20  1:44  Baneling Nest  
  20  1:46  Zergling x2  
  20  2:00  Zergling x2  
  21  2:07  Overlord  
  21  2:20  Zergling x2  
  22  2:26  Zergling x6  
  25  2:39  Zergling x2  
  25  2:44  Zergling x2  
  25  2:57  Zergling x2  
Show
View Real Time Build Order
Export as new Build Order

BlackBoozom Zerg - Winner!

Build Orders: Hatch First 

Get SALT Encoding   

  12  0:01  Drone  
  13  0:12  Overlord  
  13  0:17  Drone  
  14  0:31  Drone x2  
  14  0:35  Drone  
  17  0:53  Hatchery  
  17  0:56  Drone  
  17  1:00  Drone  
  18  1:10  Extractor  
  17  1:14  Spawning Pool  
  17  1:18  Drone  
  17  1:21  Drone  
  18  1:29  Drone  
  19  1:39  Overlord  
  19  2:01  Zergling x4  
  19  2:03  Queen  
  19  2:05  Queen  
  19  2:06  Drone  
  26  2:14  Zergling x2  
  27  2:19  Zergling x2  
  27  2:24  Zergling x2  
  28  2:32  Baneling Nest  
  28  2:35  Zergling x2  
  27  2:41  Zergling x4  
  26  2:47  Zergling x2  
  24  2:53  Zergling x2  
  25  3:00  Zergling x2  
  25  3:01  Zergling x2  
  27  3:09  Zergling x2  
  26  3:16  Baneling x2  
Tags
 
Add a new tag
Caveats
  • Supply blocks, unpowered buildings, or Contaminate may cause inaccurate times.
  • Supply counts are checked every 10 seconds.